 Dungeon Crawl Stone Soup version 0.23-a0-625-g1d2cd9b (webtiles) character file.

175 Leeroy the Slasher (level 5, -4/39 (40) HPs)
             Began as a Barachi Skald on Dec 24, 2018.
             Slain by a necrophage (7 damage)
             ... on level 4 of the Dungeon.
             The game lasted 00:08:33 (2445 turns).

Leeroy the Slasher (Barachi Skald)                  Turns: 2445, Time: 00:08:34

HP:   -4/39 (40)    AC:  5    Str:  9 (12) XL:     5   Next: 55%
MP:   1/8           EV: 12    Int: 12 (14) God:
Gold: 159           SH:  0    Dex: 10 (12) Spells: 2/8 levels left

rFire    . . .     SeeInvis .   a - +0 falchion
rCold    . . .     Gourm    .   (no shield)
rNeg     . . .     Faith    .   b - +0 leather armour
rPois    .         Spirit   .   (no helmet)
rElec    .         Reflect  .   j - +1 cloak
rCorr    .         Harm     .   (no gloves)
MR       .....                  (no boots)
Stlth    +.........             (no amulet)
HPRegen  0.13/turn              (no ring)
MPRegen  0.11/turn              (no ring)

@: infused, can't hop, very slightly contaminated, slow
A: +LOS, swims, slowness 1, strong legs 1
a: Hop


You were on level 4 of the Dungeon.
You were hungry.

You visited 1 branch of the dungeon, and saw 4 of its levels.

You collected 159 gold pieces.

Inventory:

Hand Weapons
 a - a +0 falchion (weapon)
 f - a +0 hunting sling
 p - a +0 short sword
Missiles
 e - 49 bolts
 g - 84 stones (quivered)
 t - 11 sling bullets
Armour
 b - a +0 leather armour (worn)
 j - a +1 cloak (worn)
 r - a +0 scale mail
Jewellery
 c - an uncursed ring of ice {unknown}
 s - an uncursed ring of resist corrosion {unknown}
Scrolls
 h - 2 scrolls of teleportation {unknown}
 k - a scroll of magic mapping {unknown}
 m - 3 scrolls of identify {unknown}
 o - 2 scrolls of remove curse
 w - a scroll of enchant armour {unknown}
 x - a scroll of enchant weapon {unknown}
Potions
 i - a potion of brilliance {unknown}
 l - a potion of mutation {unknown}
 n - a potion of ambrosia {unknown}
Comestibles
 d - 5 rations
 q - 4 chunks of flesh


   Skills:
 - Level 2.9 Fighting
 * Level 6.0 Long Blades
 - Level 1.2 Armour
 + Level 2.8 Dodging
 - Level 0.2 Stealth
 - Level 2.2 Spellcasting
 * Level 3.5 Charms


You had 2 spell levels left.
You knew the following spells:

 Your Spells              Type           Power        Failure   Level  Hunger
a - Infusion              Chrm           #...         9%          1    ##.....
b - Shroud of Golubria    Chrm/Tloc      #.........   26%         2    ###....
c - Spectral Weapon       Hex/Chrm       #.......     47%         3    ####...

Your spell library contained the following spells:

 Spells                   Type           Power        Failure   Level  Hunger
 Song of Slaying          Chrm           #.......     13%         2    ###....
 Regeneration             Chrm/Necr      #.........   47%         3    ####...


Dungeon Overview and Level Annotations

Branches:
Dungeon (4/15)
 Temple: D:4-7

Altars:


Innate Abilities, Weirdness & Mutations

Shadows flee at your approach. (+LOS)
You can swim through water.
You cover ground slowly.
You can hop short distances.


Message History

The necrophage barely misses you.
You hit the necrophage but do no damage.
The necrophage is heavily damaged.
The necrophage hits you.
* * * LOW HITPOINT WARNING * * *
You feel your flesh rotting away!
Unknown command.
Casting: Infusion (safe; 9% risk of failure)
Confirm with . or Enter, or press ? or * to list all spells.
You miscast Spectral Weapon.
You are very lightly contaminated with residual magic.
Your brain hurts!
You are feeling hungry.
The necrophage hits you.
* * * LOW HITPOINT WARNING * * *
Casting: Spectral Weapon (slightly dangerous; 47% risk of failure)
Confirm with . or Enter, or press ? or * to list all spells.
You begin infusing your attacks with magical energy.
The necrophage hits you!
You die...

########
#on@...#
#.####.# #.#
#.##
########.#......
#.....<)...#
#...######.###
#... ###.# .#


You could see a necrophage and an orc.

Vanquished Creatures
  A worker ant (D:3)
  7 adders
  An ooze (D:2)
  3 worms
  3 dart slugs
  2 leopard geckos
  2 orcs (D:3)
  A ball python (D:1)
  3 giant cockroaches
  8 goblins
  6 hobgoblins
  8 jackals
  4 bats
  4 frilled lizards
  9 kobolds
  5 rats
67 creatures vanquished.

Notes
Turn   | Place    | Note
-------+----------+-------------------------------------------
     0 | D:1      | Leeroy the Barachi Skald began the quest for the Orb.
     0 | D:1      | Reached XP level 1. HP: 17/17 MP: 3/3
   225 | D:1      | Reached XP level 2. HP: 16/23 MP: 5/5
   231 | D:1      | Learned a level 2 spell: Shroud of Golubria
   264 | D:1      | Reached skill level 3 in Long Blades
   657 | D:1      | Reached XP level 3. HP: 24/28 MP: 6/6
   662 | D:1      | Learned a level 3 spell: Spectral Weapon
  1093 | D:2      | Reached skill level 4 in Long Blades
  1158 | D:2      | Reached XP level 4. HP: 17/34 MP: 7/7
  1566 | D:2      | Reached skill level 5 in Long Blades
  1999 | D:3      | Reached XP level 5. HP: 13/40 MP: 0/8
  2373 | D:3      | Noticed a necrophage
  2396 | D:3      | Reached skill level 6 in Long Blades
  2445 | D:4      | Slain by a necrophage

Vault maps used:
D:1:      psy_arrival_fountain, serial_bayou_pond_d, serial_bayou_lagoon_b
D:3:      gammafunk_temple_overflow_wave, first_ration, minmay_divided_ellipse
D:4:      kennysheep_slug_shrine, minmay_temple_entry_proselytizer

Skill      XL: |  1  2  3  4  5 |
---------------+----------------+-----
Long Blades    | 3 4 5 6 |  6.0
Fighting       | |  2.9
Armour         | |  1.2
Dodging        | |  2.8
Stealth        | |  0.2
Spellcasting   | |  2.2
Charms         | |  3.5

Action                   |  1- 3 |  4- 6 || total
-------------------------+-------+-------++-------
Melee: Falchion          |   122 |   141 ||   263
Throw: Stone             |     3 |     6 ||     9
 Cast: Infusion          |       |     8 ||     8
       Shroud of Golubri |       |     4 ||     4
 Abil: Hop               |       |     1 ||     1
  Use: Potion            |       |     5 ||     5
       Scroll            |       |     1 ||     1
 Stab: Sleeping          |     1 |       ||     1
  Eat: Chunk             |     2 |     5 ||     7
Armor: Leather armour    |    35 |    35 ||    70
Dodge: Dodged            |   104 |   107 ||   211
       Rpst.: Falchion   |    44 |    31 ||    75

Table legend:
 A = Non-vault XP
 B = Vault XP
 C = Vault XP percentage of total XP
 D = Non-vault monster count
 E = Vault monster count
 F = Vault count percentage of total count
                 A         B        C        D         E       F
            +---------+---------+-------+---------+---------+-------
      Total |     211 |      40 |  15.9 |      63 |       4 |   6.0
            +---------+---------+-------+---------+---------+-------
        D:1 |      39 |       0 |   0.0 |      22 |       0 |   0.0
        D:2 |     105 |       0 |   0.0 |      25 |       0 |   0.0
        D:3 |      67 |      39 |  36.8 |      16 |       3 |  15.8
        D:4 |       0 |       1 | 100.0 |       0 |       1 | 100.0
            +---------+---------+-------+---------+---------+-------
